 Dungeon Crawl Stone Soup version 0.24.0-13-gcf9b3192b9 (webtiles) character file.

Game seed: 5199665347881597788, levelgen mode: deterministic

61 Inarius the Ducker (level 3, -1/22 HPs)
             Began as a Deep Elf Abyssal Knight on Nov 7, 2019.
             Was a Follower of Lugonu.
             Slain by an iguana (8 damage)
             ... on level 2 of the Dungeon.
             The game lasted 00:03:32 (3935 turns).

Inarius the Ducker (Deep Elf Abyssal Knight)        Turns: 3935, Time: 00:03:33

Health: -1/22      AC:  4    Str:  9    XL:     3   Next: 83%
Magic:  6/6        EV: 13    Int: 16    God:    Lugonu [*.....]
Gold:   100        SH:  0    Dex: 15    Spells: 2/2 levels left

rFire    . . .     SeeInvis .   a - +1 short sword
rCold    . . .     Gourm    .   (no shield)
rNeg     . . .     Faith    .   b - +1 leather armour
rPois    .         Spirit   .   (no helmet)
rElec    .         Reflect  .   (no cloak)
rCorr    .         Harm     .   (no gloves)
MR       .....                  (no boots)
Stlth    ++........             (no amulet)
HPRegen  0.07/turn              (no ring)
MPRegen  0.10/turn              (no ring)

@: no status effects
A: no striking features
a: Depart the Abyss, Renounce Religion


You were on level 2 of the Dungeon.
You worshipped Lugonu.
Lugonu was aware of your devotion.
You were near starving.

You visited 1 branch of the dungeon, and saw 3 of its levels.
You visited the Abyss 1 time.

You collected 100 gold pieces.

Inventory:

Hand Weapons
 a - a +1 short sword (weapon)
Armour
 b - a +1 leather armour (worn)
 e - a +0 ring mail
Jewellery
 d - an uncursed amulet of harm {unknown}
 h - a +6 ring of slaying {unknown}
Scrolls
 g - a scroll of remove curse
Potions
 j - a potion of curing {unknown}
Comestibles
 c - 3 rations


   Skills:
 + Level 2.7 Fighting
 + Level 2.9 Short Blades
 + Level 1.3 Armour
 + Level 3.0 Dodging
 * Level 1.3 Stealth
 + Level 2.1 Invocations


You had 2 spell levels left.
You didn't know any spells.
Your spell library was empty.

Dungeon Overview and Level Annotations

Branches:
Dungeon (3/15)

Altars:


Message History

You are too injured to fight recklessly!
You are too injured to fight recklessly!
You hit the iguana but do no damage.
The iguana is severely wounded.
You hit the iguana but do no damage.
The iguana is severely wounded.
The iguana misses you.
You closely miss the iguana.
The iguana is severely wounded.
The iguana misses you.
You hit the iguana.
The iguana is severely wounded.
The iguana barely misses you.
Your leather armour prevents you from hitting the iguana.
The iguana is severely wounded.
The iguana barely misses you.
Your leather armour prevents you from hitting the iguana.
The iguana is severely wounded.
The iguana bites you!
You die...

###
##########.#
#..l@......#
#.########.#
#.# #.# #.#
#.# #.# #.#
#.#


You could see an iguana.

Vanquished Creatures
  An adder (D:2)
  2 oozes (D:1)
  A worm (D:2)
  A dart slug (D:2)
  2 leopard geckos (D:1)
  A giant cockroach (D:1)
  4 goblins (D:1)
  3 hobgoblins (D:1)
  6 jackals (D:1)
  4 bats (D:1)
  3 frilled lizards
  5 kobolds (D:1)
  4 rats
37 creatures vanquished.

Notes
Turn   | Place    | Note
-------+----------+-------------------------------------------
     0 | Abyss:1  | Inarius the Deep Elf Abyssal Knight began the quest for the
                  | Orb.
     0 | Abyss:1  | Reached XP level 1. HP: 13/13 MP: 4/4
     0 | Abyss:1  | Found a corrupted altar of Lugonu.
    53 | Abyss:1  | Noticed a fire bat
    55 | D:1      | Escaped the Abyss
   116 | D:1      | Reached * piety under Lugonu
   266 | D:1      | Reached XP level 2. HP: 5/18 MP: 5/5
  1081 | D:1      | Reached skill level 1 in Armour
  1495 | D:1      | Reached XP level 3. HP: 22/22 MP: 6/6
  1502 | D:1      | Reached skill level 3 in Dodging
  1638 | D:1      | Reached skill level 1 in Stealth
  3935 | D:2      | Slain by an iguana

Levels and vault maps discovered:
D:1:      dpeg_arrival_renting, layout_loops_ring, kennysheep_flooded_box
D:2:      layout_basic, serial_curves, eino_curves_02, eino_curves_03,
          serial_park_tiny_pond, uniq_sigmund
D:3:      layout_basic, grunt_ministairs_14, uniq_jessica

Skill      XL: |  1  2  3 |
---------------+----------+-----
Armour         | 1 |  1.3
Dodging        | 3 |  3.0
Stealth        | 1 |  1.3
Fighting       | |  2.7
Short Blades   | |  2.9
Invocations    | |  2.1

Action                   || total
-------------------------++-------
Melee: Short sword       ||   192
Invok: Depart the Abyss  ||     1
  Use: Scroll            ||     2
       Potion            ||     2
  Eat: Chunk             ||     4
       Ration            ||     1
Armor: Leather armour    ||    33
Dodge: Dodged            ||   111
